 Dungeon Sprint DCSS version 0.31.0-12-g77e489cdc1 (webtiles) character file.

Game seed: 7243038272675858378

461 Heoruswealwe the Spear-Bearer (level 6, -7/64 HPs)
             Began as a Minotaur Fighter on Mar 4, 2024.
             Was an Initiate of Gozag.
             Mangled by a two-headed ogre
             ... wielding a +0 giant spiked club
              (15 damage)
             ... in the Dungeon (Sprint IX: "|||||||||||||||||||||||||||||").
             The game lasted 00:02:14 (153 turns).

Heoruswealwe the Spear-Bearer (Minotaur Fighter)     Turns: 153, Time: 00:02:15

Health: -7/64      AC: 13    Str: 23    XL:     6   Next: 79%
Magic:  5/5        EV:  8    Int:  5    God:    Gozag
Gold:   0          SH:  0    Dex:  9    Spells: 5/5 levels left

rFire   . . .        b - +2 halberd (venom)
rCold   . . .        (shield currently unavailable)
rNeg    . . .        c - +1 chain mail
rPois   .            (helmet restricted)
rElec   .            (no cloak)
rCorr   .            f - +0 pair of gloves
SInv    .            (no boots)
Will    .....        (no amulet) Stlth
                     (no ring)
HPRegen 0.30/turn    (no ring)
MPRegen 0.09/turn

%: no teleportation
@: gold aura
A: horns 2, retaliatory headbutt
a: Renounce Religion, Potion Petition, Call Merchant, Bribe Branch


You were in the Dungeon.
You worshipped Gozag.
Gozag was noncommittal.
You visited 1 branch

Inventory:

Hand Weapons
 a - a +0 trident
 b - a +2 halberd of venom (weapon)
Armour
 c - a +1 chain mail (worn)
 d - a +0 buckler
 f - a +0 pair of gloves (worn)
Wands
 h - a wand of quicksilver (10)
Scrolls
 j - 2 scrolls of blinking
Potions
 e - 5 potions of curing
 g - a potion of haste
 i - a potion of berserk rage
 k - a potion of might


   Skills:
 + Level 9.5 Fighting
 * Level 12.5 Polearms
 + Level 9.5 Armour
 - Level 3.6 Shields


You had 5 spell levels left.
You didn't know any spells.
Your spell library was empty.

Dungeon Overview and Level Annotations

Branches:
Dungeon (1/1)

Altars:
Cheibriados
Dithmenos
Elyvilon
Fedhas
Gozag
Hepliaklqana
Kikubaaqudgha
Makhleb
Nemelex Xobeh
Okawaru
Qazlal
Ru
Sif Muna
Trog
Uskayaw
Vehumet
Wu Jian
Xom
Yredelemnul
Zin
The Shining One
Jiyva
Lugonu


Innate Abilities, Weirdness & Mutations

You have a pair of horns on your head.
You reflexively headbutt those who attack you in melee.


Message History

The kobold demonologist closely misses you.
You hit the kobold demonologist. You headbutt the kobold demonologist.
The kobold demonologist is almost dead.
You kill the kobold demonologist!
The smoke demon disappears in a puff of smoke!
The ufetubus disappears in a puff of smoke!
Your Fighting skill gained 2 levels and is now at level 9!
Your Polearms skill gained 2 levels and is now at level 12!
Your Armour skill gained 2 levels and is now at level 9!
You have reached level 6!
You feel much better.
The acid dragon is distracted by your dazzling golden aura.
You barely miss the two-headed ogre. You barely miss the two-headed ogre.
The acid dragon is no longer distracted by gold.
The two-headed ogre hits you but does no damage.
The two-headed ogre hits you with a +0 giant club!!
You hit the two-headed ogre but do no damage.
The two-headed ogre is poisoned.
The two-headed ogre hits you with a +0 giant spiked club.
The two-headed ogre hits you with a +0 giant club!
* * * LOW HITPOINT WARNING * * *
You feel much better.
You puncture the two-headed ogre!
The two-headed ogre is moderately wounded.
The two-headed ogre hits you with a +0 giant spiked club.
The two-headed ogre hits you with a +0 giant club!!
* * * LOW HITPOINT WARNING * * *
The howler monkey hoots and howls with incredible vigour!
You hear a shout!
You hear a horrible gurgling sound!
You hear a shout!
You hit the two-headed ogre.
Your headbutt misses the two-headed ogre.
The two-headed ogre is moderately wounded.
You impale the two-headed ogre!!
The two-headed ogre looks as sick as possible!
You headbutt the two-headed ogre!
The two-headed ogre is almost dead.
The two-headed ogre hits you with a +0 giant spiked club!
You die...
Your body crumbles into a pile of gold. ▓▓▓▓▓▓▓▓▓▓▓▓▓▓▓▓▓▓▓▓▓▓▓▓ _______'!?)[[==.@ODTOh.. ▓▓▓▓▓▓▓▓▓▓▓▓▓▓▓▓▓▓▓▓▓▓▓▓

You could see 2 two-headed ogres, a troll, an acid dragon and a howler monkey.

Vanquished Creatures
  A kobold demonologist (D)
  An ogre (D)
  A scorpion (D)
  A jelly (D)
  An iguana (D)
  A shadow imp (D)
  A goblin (D)
  2 hobgoblins (D)
  A bat (D)
  A frilled lizard (D)
11 creatures vanquished.

Notes
Turn   | Place    | Note
-------+----------+-------------------------------------------
     0 | D        | Heoruswealwe the Minotaur Fighter began the quest for the
                  | Orb.
     0 | D        | Reached XP level 1. HP: 19/19 MP: 0/0
    16 | D        | Reached skill level 3 in Polearms
    27 | D        | Noticed a jelly
    27 | D        | Noticed an iguana
    27 | D        | Noticed an ogre
    27 | D        | Noticed a scorpion
    29 | D        | Killed a jelly
    30 | D        | Reached skill level 5 in Fighting
    30 | D        | Reached skill level 5 in Polearms
    30 | D        | Reached skill level 5 in Armour
    30 | D        | Reached XP level 2. HP: 23/29 MP: 1/1
    30 | D        | Reached XP level 3. HP: 29/36 MP: 2/2
    33 | D        | Reached skill level 6 in Polearms
    37 | D        | Killed an ogre
    38 | D        | Reached skill level 8 in Polearms
    38 | D        | Reached XP level 4. HP: 35/47 MP: 3/3
    38 | D        | Reached XP level 5. HP: 38/52 MP: 4/4
    42 | D        | Reached skill level 10 in Polearms
    51 | D        | Found a snail-covered altar of Cheibriados.
    51 | D        | Found a shadowy altar of Dithmenos.
    51 | D        | Found a white marble altar of Elyvilon.
    51 | D        | Found a blossoming altar of Fedhas.
    51 | D        | Found an opulent altar of Gozag.
    52 | D        | Found a hazy altar of Hepliaklqana.
    53 | D        | Found a viscous altar of Jiyva.
    54 | D        | Found an ancient bone altar of Kikubaaqudgha.
    55 | D        | Found a corrupted altar of Lugonu.
    56 | D        | Found a burning altar of Makhleb.
    57 | D        | Found a sparkling altar of Nemelex Xobeh.
    58 | D        | Found an iron altar of Okawaru.
    59 | D        | Became a worshipper of Gozag Ym Sagoz the Greedy
    60 | D        | Found a stormy altar of Qazlal.
    61 | D        | Found a sacrificial altar of Ru.
    62 | D        | Found a shimmering blue altar of Sif Muna.
    63 | D        | Found a bloodstained altar of Trog.
    64 | D        | Found a hide-covered altar of Uskayaw.
    65 | D        | Found a radiant altar of Vehumet.
    66 | D        | Found an ornate altar of the Wu Jian Council.
    67 | D        | Found a shimmering altar of Xom.
    68 | D        | Found a basalt altar of Yredelemnul.
    69 | D        | Found a glowing silver altar of Zin.
    70 | D        | Found a glowing golden altar of the Shining One.
   130 | D        | Noticed a kobold demonologist
   130 | D        | Noticed an acid dragon
   130 | D        | Noticed a two-headed ogre
   130 | D        | Noticed a troll
   130 | D        | Noticed a two-headed ogre
   131 | D        | Noticed a hellwing
   142 | D        | Noticed a smoke demon
   145 | D        | Killed a kobold demonologist
   146 | D        | Reached skill level 12 in Polearms
   146 | D        | Reached XP level 6. HP: 21/64 MP: 5/5
   153 | D        | Mangled by a two-headed ogre

Illustrated notes

Levels and vault maps discovered:
D:        linesprint [early_d, line_temple, items_1, d_10, items_2, lair_1,
          lair_end, items_3, orc_1, orc_end, items_4, d_15, swamp_1, shoals_1,
          snake_1, spider_1, d_20, vaults_1, items_5, swamp_end, shoals_end,
          snake_end, spider_end, vaults_end, d_27, items_6, zot_1, zot_end,
          crypt_end, forest_end, elf_end, slime_end, tomb_end, abyss_end,
          pan_hell_end]

Skill      XL: |  1  2  3  4  5 |
---------------+----------------+-----
Polearms       | 5 8 12 | 12.5
Fighting       | 5 7 9 |  9.5
Armour         | 5 7 9 |  9.5
Shields        | |  3.6

Action                     |  1- 3 |  4- 6 || total
---------------------------+-------+-------++-------
  Melee: Trident           |    26 |     7 ||    33
         Headbutt          |     2 |     5 ||     7
         Halberd           |       |    21 ||    21
    Use: Potion            |     1 |     2 ||     3
 Armour: Scale mail        |    14 |     4 ||    18
         Chain mail        |       |    22 ||    22
  Dodge: Dodged            |     4 |    11 ||    15
  Block: Buckler           |     4 |       ||     4
